Description

KamsamHAPnida

Replay - TvZ

Build Order

Get SALT Encoding   

  12  0:00  SCV  
  13  0:12  SCV  
  14  0:17  Supply Depot  
  14  0:24  SCV  
  15  0:29  Refinery  
  15  0:38  SCV  
  16  0:44  Barracks  
  16  0:50  SCV  
  17  1:02  SCV  
  18  1:14  SCV  
  19  1:31  Orbital Command, Reaper  
  20  1:43  Command Center  
  20  1:54  Factory  
  20  1:58  SCV  
  21  2:06  Barracks Reactor  
  21  2:09  Supply Depot  
  21  2:15  SCV  
  22  2:20  Refinery  
  22  2:27  SCV  
  24  2:45  Starport  
  24  2:46  Hellion x2  
  28  2:53  Barracks Tech Lab  
  29  3:02  Orbital Command  
  30  3:18  Hellion x2  
  35  3:30  Raven  
  39  3:40  Hellion  
  41  3:54  Supply Depot  
  41  3:55  Hellion  
  45  4:11  Supply Depot  
  45  4:12  Raven  
  45  4:15  Marine  
  48  4:17  Supply Depot  
  48  4:19  Hellion x2  
  52  4:34  Command Center  
  53  4:44  Hellion x2  
  59  4:50  Refinery x2  
  64  5:10  Armory x2  
  68  5:24  Starport Reactor  
  68  5:25  Barracks Tech Lab  
  68  5:30  Factory x2  
  72  5:49  Orbital Command  
  75  5:59  Terran Vehicle Weapons Level 1, Terran Vehicle And Ship Armor Level 1  
  73  6:32  Thor x2  
  73  6:33  Orbital Command  
  79  6:42  Medivac x2  
  79  6:44  Refinery x2  
  89  6:55  Infernal Pre-Igniter  
  92  7:10  Engineering Bay  
  99  7:33  Siege Tank x2, Factory x2  
  105  7:37  Barracks Reactor  
  105  7:43  Viking x2  
  113  7:55  Terran Vehicle Weapons Level 2  
  113  7:58  Terran Vehicle And Ship Armor Level 2  
  115  8:12  Siege Tank x2  
  122  8:24  Factory Tech Lab  
  126  8:33  Command Center  
  130  8:36  Viking x2  
  134  8:43  Siege Tank x2  
  144  8:54  Siege Tank  
  151  9:12  Viking x2  
  157  9:24  Siege Tank x3  
  164  9:45  Viking x2  
Spawning Tool Build Advisor. Get it on Overwolf

Analysis

KamsamHAPnida

Go to:

Details

  • Created by: Aggression
  • Published on: Sep 28, 2017
  • Modified on: Sep 28, 2017
  • Patch: 3.8.0
Show
View Real Time Build Order
Export as new Build Order

Comments (0)

There are no comments. Be the first!

Create an account to comment!